3AAA
BRINKLEY BELUGAS @ SCRANTON SUPERNOVAS
08/01/2024
 
TOP OF THE 1ST
Brinkley Belugas batting - Pitching for Scranton Supernovas : RHP Victor Brey
Pitching: RHP Victor Brey
Batting: RHB Parker Smith 0-0: Ball
1-0: Fly out, F8 (Flyball, 8RM)
Batting: RHB Sergio Ortíz 0-0: Swinging Strike
0-1: Ball
1-1: Swinging Strike
1-2: Strikes out swinging
Batting: RHB Reggie Kahn 0-0: Ball
1-0: Called Strike
1-1: Ball
2-1: Foul Ball, location: 2F
2-2: Reached on error, E5 (Groundball, 5)
Batting: RHB Jaime López 0-0: Called Strike
0-1: Ball
1-1: Called Strike
1-2: Foul Ball, location: 2F
1-2: Ball
2-2: Fielders Choice at 2nd, U6 (Groundball, 6M)
Top of the 1st over - 0 run(s), 0 hit(s), 1 error(s), 1 left on base; Brinkley 0 - Scranton 0
BOTTOM OF THE 1ST
Scranton Supernovas batting - Pitching for Brinkley Belugas : RHP Ánibal Rivera
Pitching: RHP Ánibal Rivera
Batting: RHB Keith MacKey 0-0: Called Strike
0-1: Foul Ball, location: 2F
0-2: Ball
1-2: Ball
2-2: Foul Ball, location: 2F
2-2: Ball
3-2: Strikes out looking
Batting: SHB Alonso Solís 0-0: Called Strike
0-1: Called Strike
0-2: Strikes out swinging
Batting: RHB Ethan Stanford 0-0: Foul Ball, location: 2F
0-1: Ball
1-1: Fly out, F8 (Flyball, 8LS)
Bottom of the 1st over - 0 run(s), 0 hit(s), 0 error(s), 0 left on base; Brinkley 0 - Scranton 0
TOP OF THE 2ND
Brinkley Belugas batting - Pitching for Scranton Supernovas : RHP Victor Brey
Batting: RHB Alfonso Enríquez 0-0: Ball
1-0: Ball
2-0: Ball
3-0: Called Strike
3-1: Ground out 6-3 (Groundball, 6M)
Batting: LHB Mike Cook 0-0: Called Strike
0-1: Ball
1-1: Swinging Strike
1-2: Fly out, F8 (Flyball, 8RD)
Batting: RHB Arturo Read 0-0: Foul Ball, location: 2F
0-1: Fly out, F8 (Flyball, 8RM)
Top of the 2nd over - 0 run(s), 0 hit(s), 0 error(s), 0 left on base; Brinkley 0 - Scranton 0
BOTTOM OF THE 2ND
Scranton Supernovas batting - Pitching for Brinkley Belugas : RHP Ánibal Rivera
Batting: RHB Martín Álvarez 0-0: Ball
1-0: Ground out 2-3 (Groundball, 25)
Batting: LHB Neal Hart 0-0: Ball
1-0: Fly out, F7 (Flyball, 78XD)
Batting: RHB Henrique Shearman 0-0: Ball
1-0: Ball
2-0: Called Strike
2-1: Called Strike
2-2: Fly out, F5 (Popup, 15S)
Bottom of the 2nd over - 0 run(s), 0 hit(s), 0 error(s), 0 left on base; Brinkley 0 - Scranton 0
TOP OF THE 3RD
Brinkley Belugas batting - Pitching for Scranton Supernovas : RHP Victor Brey
Batting: RHB Randy Tucker 0-0: Called Strike
0-1: Fly out, F9 (Flyball, 9M)
Batting: RHB Manny Martínez 0-0: Swinging Strike
0-1: Ground out 6-3 (Groundball, 6)
Batting: RHB Parker Smith 0-0: Fly out, F6 (Line Drive, 6)
Top of the 3rd over - 0 run(s), 0 hit(s), 0 error(s), 0 left on base; Brinkley 0 - Scranton 0
BOTTOM OF THE 3RD
Scranton Supernovas batting - Pitching for Brinkley Belugas : RHP Ánibal Rivera
Batting: LHB Pedro López 0-0: Ball
1-0: Foul Ball, location: 2F
1-1: Fly out, F7 (Flyball, 78M)
Batting: LHB Mark Evans 0-0: Ground out U3 (Groundball, 3)
Batting: RHB Chris Henderson 0-0: Hit by Pitch
Batting: RHB Keith MacKey 0-0: Ball
1-0: Ball
2-0: Foul Ball, location: 2F
2-1: Ground out 6-3 (Groundball, 6)
Bottom of the 3rd over - 0 run(s), 0 hit(s), 0 error(s), 1 left on base; Brinkley 0 - Scranton 0
TOP OF THE 4TH
Brinkley Belugas batting - Pitching for Scranton Supernovas : RHP Victor Brey
Batting: RHB Sergio Ortíz 0-0: Foul Ball, location: 2F
0-1: Swinging Strike
0-2: Foul Ball, location: 2F
0-2: Ball
1-2: Fly out, F9 (Flyball, 9LM)
Batting: RHB Reggie Kahn 0-0: SINGLE (Groundball, 6MD)
Batting: RHB Jaime López 0-0: Called Strike
0-1: Foul Ball, location: 2F
0-2: Ball
Reggie Kahn is caught stealing 2nd base
1-2: Ground out 4-3 (Groundball, 4)
Top of the 4th over - 0 run(s), 1 hit(s), 0 error(s), 0 left on base; Brinkley 0 - Scranton 0
BOTTOM OF THE 4TH
Scranton Supernovas batting - Pitching for Brinkley Belugas : RHP Ánibal Rivera
Batting: SHB Alonso Solís 0-0: Ball
1-0: Foul Ball, location: 2F
1-1: Foul Ball, location: 2F
1-2: Ball
2-2: Ball
3-2: Foul Ball, location: 2F
3-2: Foul Ball, location: 2F
3-2: Ground out 3-1 (Groundball, 34)
Batting: RHB Ethan Stanford 0-0: Called Strike
0-1: Ball
1-1: Ball
2-1: Ball
3-1: Base on Balls
Batting: RHB Martín Álvarez 0-0: Ball
Ethan Stanford steals 2nd base
1-0: Ball
2-0: Ground out 4-3 (Groundball, 34)
Ethan Stanford to third
Batting: LHB Neal Hart 0-0: Foul Ball, location: 2F
0-1: Ground out 1-3 (Groundball, 25)
Bottom of the 4th over - 0 run(s), 0 hit(s), 0 error(s), 1 left on base; Brinkley 0 - Scranton 0
TOP OF THE 5TH
Brinkley Belugas batting - Pitching for Scranton Supernovas : RHP Victor Brey
Batting: RHB Alfonso Enríquez 0-0: Ground out 6-3 (Groundball, 6M)
Batting: LHB Mike Cook 0-0: Called Strike
0-1: Ball
1-1: Ball
2-1: Foul Ball, location: 2F
2-2: Ball
3-2: SINGLE (Groundball, 4MD)
Batting: RHB Arturo Read 0-0: Called Strike
0-1: Ball
1-1: SINGLE (Groundball, 13S) (infield hit)
Mike Cook to second
Batting: RHB Randy Tucker 0-0: Ball
1-0: Called Strike
1-1: Swinging Strike
1-2: Foul Ball, location: 2F
1-2: DOUBLE (Line Drive, 89S)
Mike Cook scores
Arturo Read to third
Runner from 3rd tries for Home, SAFE, throw made at trailing runner, SAFE at third!
Batting: RHB Manny Martínez 0-0: SINGLE (Groundball, 6)
Randy Tucker scores
Batting: RHB Parker Smith 0-0: Called Strike
0-1: Foul Ball, location: 2F
0-2: Foul Ball, location: 2F
0-2: Ball
1-2: Ball
2-2: Foul Ball, location: 2F
2-2: DOUBLE (Line Drive, 7LM)
Manny Martínez to third
Batting: RHB Sergio Ortíz 0-0: SINGLE (Line Drive, 34)
Manny Martínez scores
Parker Smith to third
Batting: RHB Reggie Kahn 0-0: Foul Ball, location: 2F
0-1: Foul Ball, location: 2F
0-2: Foul Ball, location: 2F
0-2: Ball
1-2: DOUBLE (Flyball, 7D)
Parker Smith scores
Sergio Ortíz to third
Batting: RHB Jaime López 0-0: Foul Ball, location: 2F
0-1: Ball
1-1: Ball
Wild Pitch!
Sergio Ortíz scores
Reggie Kahn to third
2-1: Ball
3-1: Base on Balls
Batting: RHB Alfonso Enríquez 0-0: Ball
Jaime López steals 2nd base
1-0: Fly out, F6 (Line Drive, 6)
1-0: Fly out, F6 (Line Drive, 6)
Batting: LHB Mike Cook 0-0: Ball
1-0: Ground out 6-3 (Groundball, 6)
Top of the 5th over - 6 run(s), 7 hit(s), 0 error(s), 2 left on base; Brinkley 6 - Scranton 0
BOTTOM OF THE 5TH
Scranton Supernovas batting - Pitching for Brinkley Belugas : RHP Ánibal Rivera
Batting: RHB Henrique Shearman 0-0: Foul Ball, location: 2F
0-1: Ball
1-1: Ball
2-1: Foul Ball, location: 2F
2-2: Foul Ball, location: 2F
2-2: Ball
3-2: Foul Ball, location: 2F
3-2: Foul Ball, location: 2F
3-2: Fly out, F8 (Flyball, 89M)
Batting: LHB Pedro López 0-0: Ground out 3-1 (Groundball, 34)
Batting: LHB Mark Evans 0-0: Called Strike
0-1: Ball
1-1: Foul Ball, location: 2F
1-2: TRIPLE (Line Drive, 3D)
Batting: RHB Chris Henderson 0-0: Called Strike
0-1: 2-RUN HOME RUN (Flyball, 9LD), Distance : 373 ft
Batting: RHB Keith MacKey 0-0: Ball
1-0: Foul Ball, location: 2F
1-1: Ball
2-1: Foul Ball, location: 2F
2-2: Ground out 5-3 (Groundball, 5S)
Bottom of the 5th over - 2 run(s), 2 hit(s), 0 error(s), 0 left on base; Brinkley 6 - Scranton 2
TOP OF THE 6TH
Brinkley Belugas batting - Pitching for Scranton Supernovas : RHP Victor Brey
Batting: RHB Arturo Read 0-0: Ground out 5-3 (Groundball, 56S)
Batting: RHB Randy Tucker 0-0: DOUBLE (Flyball, 8LD)
Batting: RHB Manny Martínez 0-0: Ball
Wild Pitch!
Randy Tucker to third
1-0: Called Strike
1-1: Ball
2-1: Swinging Strike
2-2: Ball
3-2: Strikes out swinging
Batting: RHB Parker Smith 0-0: Ball
1-0: Called Strike
1-1: Ball
2-1: Foul Ball, location: 2F
2-2: Strikes out swinging
Top of the 6th over - 0 run(s), 1 hit(s), 0 error(s), 1 left on base; Brinkley 6 - Scranton 2
BOTTOM OF THE 6TH
Scranton Supernovas batting - Pitching for Brinkley Belugas : RHP Ánibal Rivera
Batting: SHB Alonso Solís 0-0: Ball
1-0: Called Strike
1-1: Swinging Strike
1-2: Foul Ball, location: 2F
1-2: Strikes out looking
Batting: RHB Ethan Stanford 0-0: Called Strike
0-1: Foul Ball, location: 2F
0-2: Ball
1-2: Ball
2-2: Foul Ball, location: 2F
2-2: Ball
3-2: Base on Balls
Batting: RHB Martín Álvarez 0-0: Called Strike
0-1: Foul Ball, location: 2F
0-2: Strikes out swinging
Batting: LHB Neal Hart 0-0: Foul Ball, location: 2F
0-1: Ball
1-1: Foul Ball, location: 2F
1-2: Strikes out looking
Bottom of the 6th over - 0 run(s), 0 hit(s), 0 error(s), 1 left on base; Brinkley 6 - Scranton 2
TOP OF THE 7TH
Brinkley Belugas batting - Pitching for Scranton Supernovas : RHP Victor Brey
Batting: RHB Sergio Ortíz 0-0: Fly out, F7 (Flyball, 7LM)
Batting: RHB Reggie Kahn 0-0: Ball
1-0: Ball
2-0: Called Strike
2-1: Ball
3-1: Ground out 5-3 (Groundball, 5L)
Batting: RHB Jaime López 0-0: Ball
1-0: Ball
2-0: Ball
3-0: Base on Balls
Pitching: LHP Raúl Melro
Batting: RHB Alfonso Enríquez 0-0: Ball
Jaime López steals 2nd base
1-0: Ball
2-0: Called Strike
2-1: Swinging Strike
2-2: Strikes out swinging
Top of the 7th over - 0 run(s), 0 hit(s), 0 error(s), 1 left on base; Brinkley 6 - Scranton 2
BOTTOM OF THE 7TH
Scranton Supernovas batting - Pitching for Brinkley Belugas : RHP Ánibal Rivera
Batting: RHB Henrique Shearman 0-0: Foul Ball, location: 2F
0-1: Ball
1-1: Foul Ball, location: 2F
1-2: Fly out, F7 (Flyball, 7S)
Pitching: RHP Chang-keun Hyon
Batting: LHB Pedro López 0-0: Called Strike
0-1: SOLO HOME RUN (Flyball, 9D), Distance : 401 ft
Batting: LHB Mark Evans 0-0: Ball
1-0: Ball
2-0: Ball
3-0: Base on Balls
Batting: RHB Chris Henderson Pickoff Throw to First - Out!
0-0: Foul Ball, location: 2F
0-1: Ball
1-1: Ball
2-1: Reached on error, E5 (Groundball, 56)
Batting: RHB Keith MacKey 0-0: Swinging Strike
0-1: Foul Ball, location: 2F
0-2: Ball
1-2: Strikes out swinging
Bottom of the 7th over - 1 run(s), 1 hit(s), 1 error(s), 1 left on base; Brinkley 6 - Scranton 3
TOP OF THE 8TH
Brinkley Belugas batting - Pitching for Scranton Supernovas : LHP Raúl Melro
Batting: LHB Mike Cook 0-0: Swinging Strike
0-1: Foul Ball, location: 2F
0-2: Ball
1-2: Foul Ball, location: 2F
1-2: Foul Ball, location: 2F
1-2: Ball
2-2: Ball
3-2: Foul Ball, location: 2F
3-2: Foul Ball, location: 2F
3-2: Strikes out swinging
Batting: RHB Arturo Read 0-0: Called Strike
0-1: Swinging Strike
0-2: Ball
1-2: Ball
2-2: Foul Ball, location: 2F
2-2: Foul Ball, location: 2F
2-2: Ball
3-2: Foul Ball, location: 2F
3-2: Foul Ball, location: 2F
3-2: Base on Balls
Batting: RHB Randy Tucker 0-0: Ball
1-0: Ball
2-0: Ball
3-0: Base on Balls
Arturo Read to second
Batting: RHB Manny Martínez 0-0: Called Strike
0-1: Ball
1-1: Fielders Choice at 2nd, 2-6 (Groundball, 2L)
Arturo Read to third
Batting: RHB Parker Smith 0-0: Ball
1-0: Called Strike
1-1: Ball
2-1: Called Strike
2-2: Strikes out swinging
Top of the 8th over - 0 run(s), 0 hit(s), 0 error(s), 2 left on base; Brinkley 6 - Scranton 3
BOTTOM OF THE 8TH
Scranton Supernovas batting - Pitching for Brinkley Belugas : RHP Chang-keun Hyon
Batting: SHB Alonso Solís 0-0: Ball
1-0: Ball
2-0: Ball
3-0: Called Strike
3-1: Base on Balls
Batting: RHB Ethan Stanford 0-0: Foul Ball, location: 2F
0-1: Ball
1-1: Grounds into double play, U6-3 (Groundball, 6)
Batting: RHB Martín Álvarez 0-0: Ball
1-0: Swinging Strike
1-1: Swinging Strike
1-2: SINGLE (Line Drive, 34D)
Pitching: RHP Alonso Cruz
Batting: LHB Neal Hart 0-0: Ball
1-0: Ball
2-0: Ball
3-0: Called Strike
3-1: Ground out 6-3 (Groundball, 6)
Bottom of the 8th over - 0 run(s), 1 hit(s), 0 error(s), 1 left on base; Brinkley 6 - Scranton 3
TOP OF THE 9TH
Brinkley Belugas batting - Pitching for Scranton Supernovas : LHP Raúl Melro
Batting: RHB Sergio Ortíz 0-0: Ball
1-0: Called Strike
1-1: Ball
2-1: Foul Ball, location: 2F
2-2: Ball
3-2: Ground out 4-3 (Groundball, 4M)
Batting: RHB Reggie Kahn 0-0: Ball
1-0: Ball
2-0: Called Strike
2-1: Ball
3-1: Base on Balls
Batting: RHB Jaime López 0-0: Ball
1-0: Called Strike
Reggie Kahn steals 2nd base
1-1: Ball
2-1: Ground out 6-3 (Groundball, 6M)
Reggie Kahn to third
Pitching: RHP Bill Maddox
Batting: RHB Alfonso Enríquez 0-0: Called Strike
0-1: Called Strike
0-2: Ball
1-2: Foul Ball, location: 2F
1-2: Ball
2-2: Ball
3-2: Foul Ball, location: 2F
3-2: Base on Balls
Batting: LHB Mike Cook 0-0: Called Strike
0-1: Foul Ball, location: 2F
0-2: Ball
1-2: SINGLE (Line Drive, 4MD)
Reggie Kahn scores
Alfonso Enríquez to second
Batting: RHB Arturo Read 0-0: Ball
1-0: 3-RUN HOME RUN (Flyball, 8LXD), Distance : 459 ft
Batting: RHB Randy Tucker 0-0: Foul Ball, location: 2F
0-1: Foul Ball, location: 2F
0-2: Ground out 1-3 (Groundball, 25)
Top of the 9th over - 4 run(s), 2 hit(s), 0 error(s), 0 left on base; Brinkley 10 - Scranton 3
BOTTOM OF THE 9TH
Scranton Supernovas batting - Pitching for Brinkley Belugas : RHP Alonso Cruz
Now at 1B: Pablo Alyala
Batting: RHB Henrique Shearman 0-0: Ball
1-0: Called Strike
1-1: Ball
2-1: Fly out, F9 (Flyball, 9M)
Batting: LHB Pedro López 0-0: Ball
1-0: Called Strike
1-1: Ball
2-1: Ball
3-1: Foul Ball, location: 2F
3-2: Foul Ball, location: 2F
3-2: Foul Ball, location: 2F
3-2: Foul Ball, location: 2F
3-2: Base on Balls
Batting: LHB Mark Evans 0-0: Ball
1-0: Ball
2-0: Called Strike
2-1: Ball
3-1: Foul Ball, location: 2F
3-2: Base on Balls
Pedro López to second
Batting: RHB Chris Henderson 0-0: Foul Ball, location: 2F
0-1: Ball
1-1: Called Strike
1-2: Ball
2-2: Strikes out looking
Batting: RHB Keith MacKey 0-0: Ball
1-0: Foul Ball, location: 2F
1-1: Swinging Strike
1-2: Strikes out swinging
Bottom of the 9th over - 0 run(s), 0 hit(s), 0 error(s), 2 left on base; Brinkley 10 - Scranton 3
This league is powered by Out of the Park Baseball, the baseball management simulation game for PC, Mac and Linux
Monday, October 3rd, 2016 - OOTP Baseball 16.9 Build 39